EL
SPRINGFIELD CARDINALS @ TENNESSEE SMOKIES
06/27/2048
 
TOP OF THE 1ST
Springfield Cardinals batting - Pitching for Tennessee Smokies : RHP Bogdan Sdobnyakov
Pitching: RHP Bogdan Sdobnyakov
Batting: RHB Fortunato Fteira 0-0: Ball
1-0: Ball
2-0: Ball
3-0: Base on Balls
Batting: RHB Andres Mendiola 0-0: Ball
1-0: Called Strike
Fortunato Fteira is caught stealing 2nd base 2-4
1-1: Called Strike
1-2: Foul Ball, location: 2F
1-2: Ball
2-2: Ball
3-2: Fly out, F9 (Flyball, 9D, EV 98.1 MPH)
Batting: SHB Josh Schultze 0-0: Foul Ball, location: 2F
0-1: Swinging Strike
0-2: Foul Ball, location: 2F
0-2: Ground out 5-3 (Groundball, 56S, EV 80.0 MPH)
Top of the 1st over - 0 runs, 0 hits, 0 errors, 0 left on base; Springfield 0 - Tennessee 0
BOTTOM OF THE 1ST
Tennessee Smokies batting - Pitching for Springfield Cardinals : RHP Tony Casey
Pitching: RHP Tony Casey
Batting: RHB Eric Wiss 0-0: Ball
1-0: Foul Ball, location: 2F
1-1: Ball
2-1: Called Strike
2-2: Strikes out swinging
Batting: RHB Khalil Stephens 0-0: Fly out, F9 (Flyball, 89D, EV 105.6 MPH)
Batting: RHB Brad Santanello 0-0: Ball
1-0: Foul Ball, location: 2F
1-1: Called Strike
1-2: Ball
2-2: Foul Ball, location: 2F
2-2: Ball
3-2: Base on Balls
Batting: RHB David Barnard 0-0: Called Strike
0-1: Swinging Strike
0-2: Ball
1-2: Ball
2-2: Ball
3-2: Foul Ball, location: 2F
3-2: Strikes out swinging
Bottom of the 1st over - 0 runs, 0 hits, 0 errors, 1 left on base; Springfield 0 - Tennessee 0
TOP OF THE 2ND
Springfield Cardinals batting - Pitching for Tennessee Smokies : RHP Bogdan Sdobnyakov
Batting: RHB Tyler Walker 0-0: Ball
1-0: Ball
2-0: Ball
3-0: Called Strike
3-1: Called Strike
3-2: Base on Balls
Batting: RHB Joe Alley 0-0: Ball
Tyler Walker steals 2nd base
1-0: Foul Ball, location: 2F
1-1: DOUBLE (Flyball, 89XD, EV 97.5 MPH)
Tyler Walker scores
Batting: RHB Tommy Boudreaux 0-0: Fly out, F7 (Line Drive, 78M, EV 85.6 MPH)
Batting: RHB Joe LaDue 0-0: Ball
1-0: Ground out 6-3 (Groundball, 6, EV 86.9 MPH)
Batting: RHB Immel Kamuzu 0-0: Called Strike
0-1: Ball
1-1: Ground out 3-1 (Groundball, 34S, EV 84.4 MPH)
Top of the 2nd over - 1 run, 1 hit, 0 errors, 1 left on base; Springfield 1 - Tennessee 0
BOTTOM OF THE 2ND
Tennessee Smokies batting - Pitching for Springfield Cardinals : RHP Tony Casey
Batting: RHB Sam Sours 0-0: Swinging Strike
0-1: Swinging Strike
0-2: Strikes out swinging
Batting: RHB Armando Vilano 0-0: Foul Ball, location: 2F
0-1: Ground out 4-3 (Groundball, 4, EV 103.8 MPH)
Batting: RHB Jonathan Sotelo 0-0: Reached on error, E5 (Groundball, 56, EV 78.8 MPH)
Batting: RHB Jerry Blas 0-0: Ball
1-0: Called Strike
1-1: Called Strike
1-2: Ball
2-2: Foul Ball, location: 2F
2-2: Ball
3-2: Foul Ball, location: 2F
3-2: Base on Balls
Jonathan Sotelo to second
Batting: RHB Alvaro Romero 0-0: Called Strike
0-1: Foul Ball, location: 2F
0-2: Ball
1-2: Ball
2-2: Fielders Choice at 2nd, 5-4 (Groundball, 56, EV 85.6 MPH)
Bottom of the 2nd over - 0 runs, 0 hits, 1 error, 2 left on base; Springfield 1 - Tennessee 0
TOP OF THE 3RD
Springfield Cardinals batting - Pitching for Tennessee Smokies : RHP Bogdan Sdobnyakov
Batting: RHB Jose Jimenez 0-0: Called Strike
0-1: Ground out 6-3 (Groundball, 56, EV 103.1 MPH)
Batting: RHB Fortunato Fteira 0-0: Ball
1-0: Ball
2-0: Called Strike
2-1: Ball
3-1: Swinging Strike
3-2: SINGLE (Line Drive, 6MD, EV 96.9 MPH)
Batting: RHB Andres Mendiola 0-0: 2-RUN HOME RUN (Flyball, 7LD, EV 102.5 MPH), Distance : 376 ft
Batting: SHB Josh Schultze 0-0: Ball
1-0: SINGLE (Groundball, P, EV 83.8 MPH) (infield hit)
Batting: RHB Tyler Walker 0-0: Ball
1-0: DOUBLE (Line Drive, 8LXD, EV 101.9 MPH)
Josh Schultze to third
Runner from 3rd tries for Home, SAFE, throw by CF to home
Batting: RHB Joe Alley 0-0: Ball
1-0: Swinging Strike
1-1: Foul Ball, location: 2F
1-2: Strikes out swinging
Batting: RHB Tommy Boudreaux 0-0: Called Strike
0-1: Ball
1-1: Ball
2-1: Ball
3-1: Base on Balls
Batting: RHB Joe LaDue 0-0: Called Strike
0-1: Foul Ball, location: 2F
0-2: Ball
1-2: Ball
2-2: SINGLE (Flyball, 5D, EV 93.1 MPH)
Tyler Walker to third
Tommy Boudreaux to second
Runner from 3rd tries for Home, throw by LF and OUT! 7-2
Top of the 3rd over - 3 runs, 5 hits, 0 errors, 2 left on base; Springfield 4 - Tennessee 0
BOTTOM OF THE 3RD
Tennessee Smokies batting - Pitching for Springfield Cardinals : RHP Tony Casey
Batting: RHB Eric Wiss 0-0: Called Strike
0-1: Ground out 6-3 (Groundball, 6, EV 108.8 MPH)
Batting: RHB Khalil Stephens 0-0: Called Strike
0-1: Ball
1-1: Ball
2-1: Foul Ball, location: 2F
2-2: Strikes out swinging
Batting: RHB Brad Santanello 0-0: Called Strike
0-1: Called Strike
0-2: Foul Ball, location: 2F
0-2: Strikes out looking
Bottom of the 3rd over - 0 runs, 0 hits, 0 errors, 0 left on base; Springfield 4 - Tennessee 0
TOP OF THE 4TH
Springfield Cardinals batting - Pitching for Tennessee Smokies : RHP Bogdan Sdobnyakov
Batting: RHB Immel Kamuzu 0-0: Ground out U3 (Groundball, 3S, EV 93.8 MPH)
Batting: RHB Jose Jimenez 0-0: Foul Ball, location: 2F
0-1: SINGLE (Groundball, 56D, EV 99.4 MPH)
Batting: RHB Fortunato Fteira 0-0: Foul Ball, location: 2F
0-1: Ball
Jose Jimenez steals 2nd, throwing error, E2
Jose Jimenez to third
1-1: Ball
2-1: Foul Ball, location: 2F
2-2: Foul Ball, location: 2F
2-2: DOUBLE (Line Drive, 78D, EV 98.8 MPH)
Jose Jimenez scores
Pitching: RHP Karl Stuart
Batting: RHB Andres Mendiola 0-0: Ball
1-0: Ball
2-0: Ball
3-0: Called Strike
3-1: Base on Balls
Batting: SHB Josh Schultze 0-0: Ball
1-0: Foul Ball, location: 2F
1-1: SINGLE (Flyball, 78S, EV 93.8 MPH)
Fortunato Fteira to third
Andres Mendiola to second
Runner from 3rd tries for Home, throw by LF and OUT! 7-2
Batting: RHB Tyler Walker 0-0: Fly out, F7 (Line Drive, 7, EV 96.9 MPH)
Top of the 4th over - 1 run, 3 hits, 1 error, 2 left on base; Springfield 5 - Tennessee 0
BOTTOM OF THE 4TH
Tennessee Smokies batting - Pitching for Springfield Cardinals : RHP Tony Casey
Batting: RHB David Barnard 0-0: Called Strike
0-1: Foul Ball, location: 2F
0-2: Ground out 5-3 (Groundball, 56, EV 92.5 MPH)
Batting: RHB Sam Sours 0-0: Called Strike
0-1: Foul Ball, location: 2F
0-2: Foul Ball, location: 2F
0-2: Ball
1-2: Foul Ball, location: 2F
1-2: SOLO HOME RUN (Flyball, 7LD, EV 94.4 MPH), Distance : 349 ft
Batting: RHB Armando Vilano 0-0: Called Strike
0-1: Foul Ball, location: 2F
0-2: Ball
1-2: Strikes out looking
Batting: RHB Jonathan Sotelo 0-0: Called Strike
0-1: Ball
1-1: SINGLE (Groundball, 4, EV 111.2 MPH)
Batting: RHB Jerry Blas Pickoff Throw to First - Out! 1-3 CS
Bottom of the 4th over - 1 run, 2 hits, 0 errors, 0 left on base; Springfield 5 - Tennessee 1
TOP OF THE 5TH
Springfield Cardinals batting - Pitching for Tennessee Smokies : RHP Karl Stuart
Batting: RHB Joe Alley 0-0: Ball
1-0: Ball
2-0: Ball
3-0: Called Strike
3-1: SOLO HOME RUN (Flyball, 9LD, EV 91.2 MPH), Distance : 345 ft
Batting: RHB Tommy Boudreaux 0-0: Foul Ball, location: 2F
0-1: Ball
1-1: Ball
2-1: Foul Ball, location: 2F
2-2: Strikes out swinging
Batting: RHB Joe LaDue 0-0: Ball
1-0: Ground out 5-3 (Groundball, 5, EV 106.9 MPH)
Batting: RHB Immel Kamuzu 0-0: Ball
1-0: Ground out U3 (Groundball, 3, EV 80.6 MPH)
Top of the 5th over - 1 run, 1 hit, 0 errors, 0 left on base; Springfield 6 - Tennessee 1
BOTTOM OF THE 5TH
Tennessee Smokies batting - Pitching for Springfield Cardinals : RHP Tony Casey
Batting: RHB Jerry Blas 0-0: Ball
1-0: Swinging Strike
1-1: Called Strike
1-2: Fly out, F8 (Flyball, 8RM, EV 83.8 MPH)
Batting: RHB Alvaro Romero 0-0: Ball
1-0: Swinging Strike
1-1: Called Strike
1-2: Ball
2-2: Strikes out swinging
Batting: RHB Eric Wiss 0-0: Called Strike
0-1: Ball
1-1: SINGLE (Groundball, 6M, EV 83.8 MPH) (infield hit)
Batting: RHB Khalil Stephens 0-0: Foul Ball, location: 2F
0-1: Ball
1-1: Foul Ball, location: 2F
1-2: Fly out, F8 (Flyball, 8RD, EV 98.8 MPH)
Bottom of the 5th over - 0 runs, 1 hit, 0 errors, 1 left on base; Springfield 6 - Tennessee 1
TOP OF THE 6TH
Springfield Cardinals batting - Pitching for Tennessee Smokies : RHP Karl Stuart
Batting: RHB Jose Jimenez 0-0: Swinging Strike
0-1: Ball
1-1: Ball
2-1: Ball
3-1: Foul Ball, location: 2F
3-2: Base on Balls
Batting: RHB Fortunato Fteira 0-0: Called Strike
0-1: Foul Ball, location: 2F
0-2: Ball
1-2: Ball
2-2: Ball
3-2: Foul Ball, location: 2F
3-2: TRIPLE (Flyball, 9LD, EV 100.0 MPH)
Jose Jimenez scores
Pitching: RHP Trevor Woodbury
Batting: RHB Andres Mendiola 0-0: Ball
1-0: Ball
2-0: Called Strike
2-1: Swinging Strike
2-2: Foul Ball, location: 2F
2-2: Strikes out looking
Batting: SHB Josh Schultze 0-0: Foul Ball, location: 2F
0-1: Called Strike
0-2: Ball
1-2: Ball
2-2: Ball
3-2: Base on Balls
Batting: RHB Tyler Walker 0-0: DOUBLE (Line Drive, 9LS, EV 105.0 MPH)
Fortunato Fteira scores
Josh Schultze to third
Batting: RHB Joe Alley 0-0: Ball
1-0: Called Strike
1-1: Ball
2-1: Ball
3-1: Base on Balls
Batting: RHB Tommy Boudreaux 0-0: Ball
1-0: Ball
2-0: Ball
3-0: Base on Balls
Josh Schultze scores
Tyler Walker to third
Joe Alley to second
Batting: RHB Joe LaDue 0-0: SINGLE (Flyball, 3D, EV 85.6 MPH)
Tyler Walker scores
Joe Alley to third
Tommy Boudreaux to second
Batting: RHB Immel Kamuzu 0-0: SINGLE (Line Drive, 4MD, EV 98.8 MPH)
Joe Alley scores
Tommy Boudreaux to third
Joe LaDue to second
Batting: RHB Jose Jimenez 0-0: Foul Ball, location: 2F
0-1: Foul Ball, location: 2F
0-2: Ball
1-2: Ball
2-2: Strikes out swinging
Batting: RHB Fortunato Fteira 0-0: Ball
1-0: Fly out, F7 (Flyball, 78S, EV 92.5 MPH)
Top of the 6th over - 5 runs, 4 hits, 0 errors, 3 left on base; Springfield 11 - Tennessee 1
BOTTOM OF THE 6TH
Tennessee Smokies batting - Pitching for Springfield Cardinals : RHP Tony Casey
Batting: RHB Brad Santanello 0-0: Called Strike
0-1: Ball
1-1: Called Strike
1-2: Foul Ball, location: 2F
1-2: Strikes out swinging
Batting: RHB David Barnard 0-0: Ball
1-0: Fly out, F7 (Line Drive, 7, EV 98.1 MPH)
Batting: RHB Sam Sours 0-0: Swinging Strike
0-1: Ground out 6-3 (Groundball, 6, EV 98.1 MPH)
Bottom of the 6th over - 0 runs, 0 hits, 0 errors, 0 left on base; Springfield 11 - Tennessee 1
TOP OF THE 7TH
Springfield Cardinals batting - Pitching for Tennessee Smokies : RHP Trevor Woodbury
Batting: RHB Andres Mendiola 0-0: Called Strike
0-1: Ball
1-1: Ball
2-1: Fly out, F8 (Flyball, 8RS, EV 93.8 MPH)
Batting: SHB Josh Schultze 0-0: Called Strike
0-1: Ball
1-1: Swinging Strike
1-2: Ball
2-2: Strikes out looking
Batting: RHB Tyler Walker 0-0: Ball
1-0: Ground out 3-1 (Groundball, 34S, EV 67.5 MPH)
Top of the 7th over - 0 runs, 0 hits, 0 errors, 0 left on base; Springfield 11 - Tennessee 1
BOTTOM OF THE 7TH
Tennessee Smokies batting - Pitching for Springfield Cardinals : RHP Tony Casey
Pinch Hitting: RHB Tim Long 0-0: Ball
1-0: Ground out 5-3 (Groundball, 56, EV 88.8 MPH)
Batting: RHB Jonathan Sotelo 0-0: DOUBLE (Line Drive, 89D, EV 106.2 MPH)
Batting: RHB Jerry Blas 0-0: Called Strike
0-1: Ball
1-1: Ball
2-1: Ball
3-1: Base on Balls
Pitching: RHP Travis Tovey
Batting: RHB Alvaro Romero 0-0: Ball
1-0: Ball
2-0: Called Strike
2-1: Foul Ball, location: 2F
2-2: Fly out, F3 (Popup, 3SF, EV 86.9 MPH)
Batting: LHB Angel Oropeza 0-0: Ground out U3 (Groundball, 3, EV 102.5 MPH)
Bottom of the 7th over - 0 runs, 1 hit, 0 errors, 2 left on base; Springfield 11 - Tennessee 1
TOP OF THE 8TH
Springfield Cardinals batting - Pitching for Tennessee Smokies : RHP Trevor Woodbury
Now at 3B: Tim Long
Batting: RHB Joe Alley 0-0: Foul Ball, location: 2F
0-1: Foul Ball, location: 2F
0-2: SINGLE (Line Drive, 56D, EV 96.9 MPH)
Pitching: RHP Nikita Eliseenko
Batting: RHB Tommy Boudreaux 0-0: Called Strike
0-1: Ball
1-1: Ball
2-1: Foul Ball, location: 2F
2-2: Strikes out swinging
Batting: RHB Joe LaDue 0-0: Swinging Strike
0-1: SINGLE (Line Drive, 7S, EV 105.0 MPH)
Joe Alley to second
Batting: RHB Immel Kamuzu 0-0: Ball
1-0: Ball
2-0: Ball
3-0: Base on Balls
Joe Alley to third
Joe LaDue to second
Batting: RHB Jose Jimenez 0-0: Foul Ball, location: 2F
0-1: Ball
1-1: Ball
2-1: Ball
3-1: Base on Balls
Joe Alley scores
Joe LaDue to third
Immel Kamuzu to second
Batting: RHB Fortunato Fteira 0-0: Ball
1-0: Ball
2-0: Ball
3-0: Called Strike
3-1: Foul Ball, location: 2F
3-2: Grounds into double play, 2-3 (Groundball, 2L, EV 70.0 MPH)
Top of the 8th over - 1 run, 2 hits, 0 errors, 2 left on base; Springfield 12 - Tennessee 1
BOTTOM OF THE 8TH
Tennessee Smokies batting - Pitching for Springfield Cardinals : RHP Travis Tovey
Batting: RHB Khalil Stephens 0-0: Ground out 5-3 (Groundball, 56, EV 81.2 MPH)
Batting: RHB Brad Santanello 0-0: Called Strike
0-1: Swinging Strike
0-2: Ball
1-2: Ball
2-2: Strikes out looking
Batting: RHB David Barnard 0-0: Ball
1-0: Ball
2-0: DOUBLE (Flyball, 8RXD, EV 96.2 MPH)
Batting: RHB Sam Sours 0-0: Reached on error, E6 (Groundball, 6, EV 90.0 MPH)
David Barnard to third
Batting: RHB Tim Long 0-0: Foul Ball, location: 2F
0-1: Foul Ball, location: 2F
0-2: Ball
1-2: Fly out, F7 (Flyball, 7, EV 83.1 MPH)
Bottom of the 8th over - 0 runs, 1 hit, 1 error, 2 left on base; Springfield 12 - Tennessee 1
TOP OF THE 9TH
Springfield Cardinals batting - Pitching for Tennessee Smokies : RHP Nikita Eliseenko
Batting: RHB Andres Mendiola 0-0: Ball
1-0: Foul Ball, location: 2F
1-1: Ball
2-1: Foul Ball, location: 2F
2-2: Foul Ball, location: 2F
2-2: Strikes out looking
Batting: SHB Josh Schultze 0-0: Foul Ball, location: 2F
0-1: Foul Ball, location: 2F
0-2: Ball
1-2: Foul Ball, location: 2F
1-2: Strikes out looking
Batting: RHB Tyler Walker 0-0: Called Strike
0-1: Ball
1-1: Ball
2-1: Ball
3-1: Ground out 4-3 (Groundball, 4S, EV 89.4 MPH)
Top of the 9th over - 0 runs, 0 hits, 0 errors, 0 left on base; Springfield 12 - Tennessee 1
BOTTOM OF THE 9TH
Tennessee Smokies batting - Pitching for Springfield Cardinals : RHP Travis Tovey
Batting: RHB Jonathan Sotelo 0-0: Ball
1-0: Called Strike
1-1: Ball
2-1: Swinging Strike
2-2: Ball
3-2: Strikes out swinging
Batting: RHB Jerry Blas 0-0: Ball
1-0: Called Strike
1-1: Foul Ball, location: 2F
1-2: Strikes out swinging
Batting: RHB Alvaro Romero 0-0: Fly out, F8 (Flyball, 8RXD, EV 87.5 MPH)
Bottom of the 9th over - 0 runs, 0 hits, 0 errors, 0 left on base; Springfield 12 - Tennessee 1
Tuesday, March 28th , 2023 - OOTP Baseball 23.10 Build 110